 Dungeon Crawl Stone Soup version 0.31-a0-236-g9a0961fb85 (webtiles) character file.

Game seed: 14622711334070659314

222 qw the Shooter (level 5, 0/32 HPs)
             Began as a Gargoyle Hexslinger on July 10, 2023.
             Slain by Jessica
             ... wielding a +0 dagger
              (2 damage)
             ... on level 3 of the Dungeon.
             The game lasted 00:01:05 (1941 turns).

qw the Shooter (Gargoyle Hexslinger)                Turns: 1941, Time: 00:01:06

Health: 0/32       AC:  9    Str: 12    XL:     5   Next: 99%
Magic:  6/6        EV: 10    Int: 13    God:
Gold:   169        SH:  0    Dex: 14    Spells: 5/6 levels left

rFire   . . .        Y - +1 sling
rCold   . . .        (no shield)
rNeg    + . .        a - +0 ring mail
rPois   inf          (no helmet)
rElec   +            (no cloak)
rCorr   .            (no gloves)
SInv    .            (no boots)
Will    .....        (no amulet)
Stlth   +            (no ring)
HPRegen 0.25/turn    (no ring)
MPRegen 0.10/turn

%: no passive effects
@: no status effects
A: sickness immunity, AC +4, negative energy resistance 1, electricity
resistance, torment resistance 1, petrification resistance
a: no special abilities


You were on level 3 of the Dungeon.
You visited 1 branch of the dungeon, and saw 3 of its levels.

You collected 169 gold pieces.


Innate Abilities, Weirdness & Mutations

You are immune to sickness and miasma.
Your stone body is resilient. (AC +4)
You are immune to poison.
You resist negative energy. (rN+)
You are resistant to electric shocks. (rElec)
You are resistant to unholy torment.
You are immune to petrification.


   Skills:
 - Level 3.0 Fighting
 + Level 5.2 Ranged Weapons
 - Level 1.1 Armour
 - Level 1.5 Dodging
 - Level 1.0 Spellcasting
 - Level 2.6 Hexes


You had 5 spell levels left.
You knew the following spells:

 Your Spells              Type           Power      Damage    Failure   Level
a - Slow                  Hex            28%        N/A       22%         1

Your spell library contained the following spells:

 Spells                   Type           Power      Damage    Failure   Level
 Inner Flame              Hex/Fire       4%         N/A       73%         3
 Portal Projectile        Hex/Tloc       8%         N/A       73%         3
 Cause Fear               Hex            3%         N/A       91%         4

Inventory:

Hand Weapons
 Y - a +1 sling (weapon)
Armour
 a - a +0 ring mail (worn)
 c - a +0 helmet
 f - a +1 hat
Scrolls
 b - a scroll of identify
 d - a scroll of enchant armour
Potions
 e - a potion of enlightenment
 g - a potion of cancellation {unknown}
 i - a potion of attraction {unknown}

Dungeon Overview and Level Annotations

Branches:
Dungeon (3/15)

Altars:
The Shining One

Annotations:
D:3 Jessica


Message History

The orc is heavily wounded.
The orc barely misses you. The orc hits you with a +0 rapier.
The orc barely misses you.
You shoot a sling bullet.
The sling bullet closely misses the orc.
The orc hits you with a +0 club. The orc hits you with a +0 rapier.
The orc closely misses you.
You shoot a sling bullet. The sling bullet hits the orc.
You kill the orc!
Jessica gestures wildly while chanting.
Jessica blinks!
The orc barely misses you. x3; The orc closely misses you.
You shoot a sling bullet.
The sling bullet closely misses the orc.
The sling bullet barely misses the orc.
The orc hits you but does no damage.
Jessica gestures wildly while chanting.
Jessica seems to speed up.
You shoot a sling bullet. The sling bullet hits the goblin.
You kill the goblin!
You hear a shout!
The orc hits you but does no damage. The orc hits you with a +0 war axe!
You hear a shout!
You shoot a sling bullet. The sling bullet hits the orc.
You kill the orc!
Jessica hits you but does no damage. The orc hits you with a +0 war axe.
The orc closely misses you.
The orc hits you from afar with a +0 trident.
Jessica hits you with a +0 dagger. The orc hits you with a +0 war axe.
The orc barely misses you. The orc closely misses you.
You shoot a sling bullet.
The sling bullet hits Jessica but does no damage.
Jessica hits you but does no damage. The orc barely misses you.
The orc closely misses you.
The orc hits you from afar with a +0 trident.
Jessica hits you with a +0 dagger.
You shoot a sling bullet. The sling bullet hits Jessica.
Jessica is severely wounded.
You hear a shout!
Jessica hits you with a +0 dagger.
You die...

.###%# #......... .....#
####.##### .##..# #.#
>##..# ##'# .....#
##...## ###.## ##.....##
##..# ##.......## ###.#
#...####........o#......
.......'........@)......
#....###.......@o#o##...
##...# #.......## #
###..# ##.....## .....#
##...## ##.#.# ##'##
##.#.# #.# .....#####
#.# .........###.#######


You could see Jessica (fast) and 3 orcs.

Vanquished Creatures
  Natasha (thrice) (D:2)
  Robin (D:3)
  5 adders
  An ufetubus (D:3)
  3 adder zombies (D:2)
  A worm (D:2)
  A dart slug (D:1)
  4 orcs (D:3)
  3 bats
  A bat skeleton (D:2)
  7 endoplasms
  4 giant cockroaches
  12 goblins
  4 hobgoblins
  A quokka (D:3)
  4 ball pythons
  A ball python skeleton (D:2)
  A frilled lizard (D:1)
  6 kobolds
  8 rats
  A spectral ball python (D:2)
72 creatures vanquished.

Notes
Turn   | Place    | Note
-------+----------+-------------------------------------------
     0 | D:1      | qw the Gargoyle Hexslinger began the quest for the Orb.
     0 | D:1      | Reached XP level 1. HP: 12/12 MP: 2/2
     0 | D:1      | 0 ||| qw: Version: 0.3-a-52-g30416fa
     0 | D:1      | 0 ||| qw: Game counter: 4846
     0 | D:1      | 0 ||| qw: Melee chars always use a shield: true
     0 | D:1      | 0 ||| qw: God list: Okawaru
     0 | D:1      | 0 ||| qw: Allow faded altars: false
     0 | D:1      | 0 ||| qw: Do Orc after clearing Dungeon:15 true
     0 | D:1      | 0 ||| qw: Do second Lair branch before Depths: true
     0 | D:1      | 0 ||| qw: Lair rune preference: random
     0 | D:1      | 0 ||| qw: Goals: Normal
     0 | D:1      | 0 ||| PLANNING D:1-11
    49 | D:1      | 49 ||| FLEEEEING.
    58 | D:1      | Reached XP level 2. HP: 16/16 MP: 3/3
   236 | D:1      | Reached skill level 3 in Ranged Weapons
   440 | D:1      | 440 ||| UPGRADING to +0 leather armour.
   450 | D:1      | 450 ||| DROPPING +0 robe.
   451 | D:1      | 451 ||| DROPPING +6 ring of intelligence.
   452 | D:1      | 452 ||| READING scroll labelled MIANWINNAU.
   453 | D:1      | 453 ||| DROPPING scroll of poison.
   476 | D:2      | 476 ||| STAIRDANCE
   485 | D:1      | Reached XP level 3. HP: 21/21 MP: 4/4
   542 | D:2      | Found a faded altar of an unknown god.
   629 | D:2      | Noticed Natasha
   649 | D:2      | Killed Natasha
   650 | D:2      | Reached skill level 4 in Ranged Weapons
   650 | D:2      | Reached XP level 4. HP: 9/26 MP: 5/5
   729 | D:2      | Identified the +5 dagger of the Fuzzy God {pain, *Rage
                  | Drain rF+ Will+++}
   922 | D:2      | Reached XP level 5. HP: 24/30 MP: 6/6
   932 | D:2      | Noticed Natasha
   933 | D:2      | 933 ||| FLEEEEING.
   934 | D:2      | 934 ||| FLEEEEING.
  1016 | D:2      | Killed Natasha
  1017 | D:2      | Reached skill level 5 in Ranged Weapons
  1068 | D:2      | Noticed Natasha
  1078 | D:2      | Killed Natasha
  1324 | D:2      | 1324 ||| UPGRADING to +0 ring mail.
  1334 | D:2      | 1334 ||| DROPPING +0 leather armour.
  1335 | D:2      | 1335 ||| READING 3 scrolls labelled IXZATWYZANT.
  1336 | D:2      | 1336 ||| READING scroll labelled XEDARY DIMUIV.
  1337 | D:2      | 1337 ||| DRINKING 2 sedimented silvery potions.
  1338 | D:2      | 1338 ||| READING 2 scrolls of identify.
  1338 | D:2      | 1338 ||| IDENTIFYING fizzy inky potion
  1402 | D:3      | Noticed Robin
  1419 | D:3      | HP: 8/32 [goblin/+0 dagger[Robin] (2)]
  1420 | D:3      | 1420 ||| DRINKING potion of heal wounds.
  1423 | D:3      | Killed Robin
  1424 | D:3      | Reached skill level 1 in Armour
  1481 | D:3      | Reached skill level 3 in Fighting
  1732 | D:3      | Found a glowing golden altar of the Shining One.
  1923 | D:3      | Noticed Jessica
  1939 | D:3      | HP: 8/32 [orc/+0 war axe (1)]
  1940 | D:3      | HP: 3/32 [orc/+0 trident (6)]
  1941 | D:3      | Slain by Jessica

Levels and vault maps discovered:
D:1:      eino_arrival_tree_alley, layout_rooms
D:2:      layout_basic, chequers_ecumenical_altar_simple_redux,
          dilly_guarded_unrand_morg
D:3:      layout_loops_corners, tso_altar, chequers_serial_rivers_micro_b,
          uniq_robin, uniq_ijyb, uniq_natasha, uniq_jessica

Skill      XL: |  1  2  3  4  5 |
---------------+----------------+-----
Ranged Weapons | 3 4 5 |  5.2
Fighting       | 2 3 |  3.0
Armour         | 1 |  1.1
Dodging        | |  1.5
Spellcasting   | |  1.0
Hexes          | |  2.6

Action                     |  1- 3 |  4- 6 || total
---------------------------+-------+-------++-------
   Fire: Sling             |   127 |   171 ||   298
    Use: Scroll            |     1 |     3 ||     4
         Potion            |       |     2 ||     2
 Armour: Robe              |     6 |       ||     6
         Leather armour    |    30 |    47 ||    77
         Ring mail         |       |    52 ||    52
  Dodge: Dodged            |    68 |   113 ||   181

Table legend:
 A = Non-vault XP
 B = Vault XP
 C = Vault XP percentage of total XP
 D = Non-vault monster count
 E = Vault monster count
 F = Vault count percentage of total count
                 A         B        C        D         E       F
            +---------+---------+-------+---------+---------+-------
      Total |     230 |      88 |  27.7 |      56 |      16 |  22.2
            +---------+---------+-------+---------+---------+-------
        D:1 |      45 |       0 |   0.0 |      21 |       0 |   0.0
        D:2 |     152 |      57 |  27.3 |      23 |       7 |  23.3
        D:3 |      33 |      31 |  48.4 |      12 |       9 |  42.9
            +---------+---------+-------+---------+---------+-------
